 Dungeon Crawl Stone Soup version 0.30-a0-782-ge64f9170bb (webtiles) character file.

Game seed: 12660229338886568250

165 mopl the Slasher (level 5, 0/41 HPs)
             Began as a Merfolk Warper on Mar 13, 2023.
             Slain by a black bear (3 damage)
             ... on level 6 of the Dungeon.
             The game lasted 00:03:43 (2671 turns).

mopl the Slasher (Merfolk Warper)                   Turns: 2671, Time: 00:03:43

Health: 0/41       AC:  4    Str: 13    XL:     5   Next: 46%
Magic:  6/8        EV: 12    Int: 13    God:
Gold:   104        SH:  0    Dex: 13    Spells: 6/8 levels left

rFire   . . .      SeeInvis .    a - +0 long sword
rCold   . . .      Faith    .    (no shield)
rNeg    . . .      Spirit   .    b - +0 leather armour
rPois   +          Reflect  .    (no helmet)
rElec   .          Harm     .    (no cloak)
rCorr   .          Rampage  .    (no gloves)
Will    .....                    k - +0 pair of boots
Stlth   +                        r - amulet of the acrobat
HPRegen 0.26/turn                n - ring of wizardry
MPRegen 0.11/turn                i - ring of poison resistance

@: on blink cooldown
A: (nimble swimmer 2), mertail
a: no special abilities


You were on level 6 of the Dungeon.
You visited 1 branch of the dungeon, and saw 5 of its levels.

You collected 104 gold pieces.

Inventory:

Hand Weapons
 a - a +0 long sword (weapon)
Missiles
 d - 7 boomerangs of dispersal
Armour
 b - a +0 leather armour (worn)
 h - a +0 plate armour
 k - a +0 pair of boots (worn)
 q - a +0 chain mail
Jewellery
 i - a ring of poison resistance (right hand)
 n - a ring of wizardry (left hand)
 r - an amulet of the acrobat (around neck)
Scrolls
 c - 2 scrolls of blinking
 f - 3 scrolls of teleportation {unknown}
 g - 2 scrolls of vulnerability {unknown}
 m - 3 scrolls of poison {unknown}
 o - a scroll of amnesia {unknown}
 p - 3 scrolls of identify {unknown}
Potions
 e - a potion of heal wounds {unknown}
 j - a potion of berserk rage {unknown}
 l - a potion of attraction {unknown}


   Skills:
 + Level 3.0 Fighting
 * Level 4.2 Long Blades
 + Level 1.9 Throwing
 + Level 1.4 Armour
 + Level 3.4 Dodging
 - Level 2.0 Spellcasting
 + Level 2.9 Translocations


You had 6 spell levels left.
You knew the following spells:

 Your Spells              Type           Power      Damage    Failure   Level
e - Blink                 Tloc           16%        N/A       6%          2

Your spell library contained the following spells:

 Spells                   Type           Power      Damage    Failure   Level
 Lesser Beckoning         Tloc           16%        N/A       6%          2
 Teleport Other           Tloc           8%         N/A       12%         3
 Necrotise                Necr           4%         1d4       13%         1
 Vhi's Electric Charge    Tloc/Air       10%        N/A       21%         3
 Kindle Blastsparks       Fire/Tloc/Air  6%         2d10      26%         3
 Vampiric Draining        Necr           1%         2d6       34%         3
 Manifold Assault         Tloc           8%         N/A       34%         4
 Iskenderun's Mystic Bla  Conj/Tloc      5%         2d3       54%         4
 Fulminant Prism          Conj/Hex       0%         3d5       75%         4
 Agony                    Necr           1%         N/A       96%         5
 Lee's Rapid Deconstruct  Erth           0%         3d4*      96%         5
 Malign Gateway           Summ/Tloc      2%         N/A       100%        7
 Summon Horrible Things   Summ           0%         N/A       100%        8


Dungeon Overview and Level Annotations

Branches:
Dungeon (4/15)
 Temple: D:4-7

Altars:
Cheibriados

Annotations:
D:2 1 runed translucent door, Crazy Yiuf
D:3 1 runed translucent door, Rueben's ghost, amateur TrBe
D:4 Pikel


Innate Abilities, Weirdness & Mutations

((You are very nimble when in or above water. (Stealth+, EV+, Speed+++)))
Your lower body shifts to a powerful aquatic tail in water.


Message History

The black bear is severely wounded.
The black bear bites you.
The black bear claws you but does no damage.
The black bear claws you.
You are too injured to fight recklessly!
You are too injured to fight recklessly!
You are too injured to fight recklessly!
You hit the black bear.
The black bear is almost dead.
The black bear bites you!
* * * LOW HITPOINT WARNING * * *
The black bear closely misses you. The black bear barely misses you.
You closely miss the black bear.
The black bear is almost dead.
The black bear bites you.
* * * LOW HITPOINT WARNING * * *
The black bear claws you.
* * * LOW HITPOINT WARNING * * *
The black bear completely misses you.
You completely miss the black bear.
The black bear is almost dead.
The black bear goes berserk!
Casting: Blink (safe; 6% risk of failure)
Confirm with . or Enter, or press ? or * to list all spells.
You don't know that spell.
Adjust (i)tems, (s)pells, or (a)bilities?
Adjust which spell? b - Blink Adjust to which letter? e - Blink
Casting: Blink (safe; 6% risk of failure)
Confirm with . or Enter, or press ? or * to list all spells.
You blink.
The black bear barely misses you. x2
The black bear claws you but does no damage.
You aren't carrying any items that you can evoke.
Okay, then.
You barely miss the black bear.
The black bear is almost dead.
The black bear misses you. The black bear claws you.
You die...

.. #.# #.######## #.#
.$.......# #.# ##
.........# #.# .
.........# #.#.#
#...###########.#.#####
####.........ยง..........
......##########h####
.####.# #@# [# #.# #.# .#
..# #.# .# ### #.. .# ...
.# .### .# . .. ..


You could see a black bear (berserk).

Vanquished Creatures
  A hound (D:6)
  4 adders
  A shadow imp (D:6)
  An ufetubus (D:3)
  2 worms (D:2)
  4 dart slugs
  An orc (D:3)
  10 endoplasms
  2 giant cockroaches
  4 goblins
  5 hobgoblins
  7 jackals
  5 kobolds
  3 quokkas (D:1)
  4 ball pythons
  7 bats
  5 frilled lizards
  6 rats
72 creatures vanquished.

Notes
Turn   | Place    | Note
-------+----------+-------------------------------------------
     0 | D:1      | mopl the Merfolk Warper began the quest for the Orb.
     0 | D:1      | Reached XP level 1. HP: 16/16 MP: 3/3
   117 | D:1      | Reached XP level 2. HP: 18/22 MP: 5/5
   168 | D:1      | Learned a level 2 spell: Blink
   244 | D:1      | Reached skill level 3 in Long Blades
   244 | D:1      | Reached skill level 3 in Dodging
   300 | D:1      | Reached skill level 1 in Armour
   354 | D:1      | Reached XP level 3. HP: 28/28 MP: 6/6
   699 | D:2      | Reached XP level 4. HP: 14/34 MP: 7/7
   937 | D:2      | Found a faded altar of an unknown god.
  1184 | D:2      | Found a runed translucent door.
  1185 | D:2      | Noticed Crazy Yiuf
  1645 | D:3      | Noticed Rueben's ghost (amateur TrBe)
  1648 | D:3      | Found a runed translucent door.
  1957 | D:3      | Found a snail-covered altar of Cheibriados.
  2254 | D:3      | Reached XP level 5. HP: 33/40 MP: 8/8
  2255 | D:3      | Reached skill level 4 in Long Blades
  2466 | D:4      | Noticed a lemure
  2466 | D:4      | Noticed a lemure
  2466 | D:4      | Noticed a lemure
  2512 | D:4      | Noticed a lemure
  2515 | D:4      | Noticed Pikel
  2541 | D:4      | You fall into a shaft and drop 2 floors!
  2558 | D:6      | Reached skill level 3 in Fighting
  2660 | D:6      | Noticed a black bear
  2667 | D:6      | HP: 2/41 [black bear (3)]
  2671 | D:6      | Slain by a black bear

Illustrated notes

Levels and vault maps discovered:
D:1:      grunt_arrival_lava_bath, layout_rooms
D:2:      layout_loops_ring, shapermc_ecumenical_altar_starsandcircs,
          uniq_crazy_yiuf_cottage
D:3:      layout_loops_corners, mainiacjoe_overflow_alcove_1,
          hellmonk_ghost_happy_afterlife, chequers_mini_garden, minivault_24
D:4:      layout_loops_ring, mainiacjoe_overflow_tiny_flanked,
          minmay_temple_entry_mini_moons, kennysheep_dice, uniq_pikel
D:6:      layout_basic, general_overflow_altar, okawaru_trees_1,
          mainiacjoe_overflow_cross_hatched, gammafunk_ghost_nasty_kobolds

Skill      XL: |  1  2  3  4  5 |
---------------+----------------+-----
Long Blades    | 3 4 |  4.2
Dodging        | 3 |  3.4
Armour         | 1 |  1.4
Fighting       | 3 |  3.0
Throwing       | |  1.9
Spellcasting   | |  2.0
Translocations | |  2.9

Action                     |  1- 3 |  4- 6 || total
---------------------------+-------+-------++-------
  Melee: Falchion          |    88 |    97 ||   185
         Long sword        |       |    54 ||    54
   Cast: Blink             |       |     1 ||     1
   Stab: Sleeping          |     1 |     2 ||     3
 Armour: Leather armour    |    16 |    49 ||    65
  Dodge: Dodged            |    48 |   112 ||   160

Table legend: (Time is in decaauts)
 A = Elapsed time spent in this place.
 B = Non-inter-level travel time spent in this place.
 C = Inter-level travel time spent in this place.
 D = Time resting spent in this place.
 E = Time spent auto-exploring this place.
 F = Levels seen in this place.
 G = Mean time per level.
                   A        B        C        D        E       F      G
               +--------+--------+--------+--------+--------+-----+--------+
         Total |   2704 |   2622 |     82 |    352 |   1640 |   5 |  540.8 |
       Dungeon |   2704 |   2622 |     82 |    352 |   1640 |   5 |  540.8 |
               +--------+--------+--------+--------+--------+-----+--------+

Top non-repeatable levels by time:
     D:2: 1086 daAuts
     D:3: 903 daAuts
     D:1: 514 daAuts
     D:6: 132 daAuts
     D:4: 67 daAuts
